 Dungeon Crawl Stone Soup version 0.25.1-2-g60ff931df9 (webtiles) character file.

Game seed: 9631433037996663856

89 graki42 the Firebug (level 4, 0/24 HPs)
             Began as a Deep Elf Fire Elementalist on Aug 3, 2020.
             Slain by an orc (4 damage)
             ... on level 3 of the Dungeon.
             The game lasted 00:10:14 (2377 turns).

graki42 the Firebug (Deep Elf Fire Elementalist)    Turns: 2377, Time: 00:10:15

Health: 0/24       AC:  3    Str:  6    XL:     4   Next: 31%
Magic:  12/12      EV: 13    Int: 20    God:
Gold:   116        SH:  0    Dex: 15    Spells: 4/11 levels left

rFire    . . .     SeeInvis .   f - +1 short sword (drain)
rCold    . . .     Gourm    .   (no shield)
rNeg     . . .     Faith    .   a - +0 robe
rPois    .         Spirit   .   b - +0 helmet
rElec    .         Reflect  .   (no cloak)
rCorr    .         Harm     .   (no gloves)
MR       .....                  (no boots)
Stlth    ++........             (no amulet)
HPRegen  0.08/turn              (no ring)
MPRegen  0.13/turn              (no ring)

@: stab, very slightly contaminated, invisible
A: no striking features
a: no special abilities


You were on level 3 of the Dungeon.
You were not hungry.

You visited 1 branch of the dungeon, and saw 3 of its levels.

You collected 116 gold pieces.

Inventory:

Hand Weapons
 f - a +1 short sword of draining (weapon)
Missiles
 m - 2 throwing nets (quivered)
Armour
 a - a +0 robe (worn)
 b - a +0 helmet (worn)
Scrolls
 g - a scroll of remove curse {unknown}
 i - 2 scrolls of teleportation {unknown}
 j - 2 scrolls of random uselessness {unknown}
 o - a scroll of fear {unknown}
Potions
 d - a potion of heal wounds {unknown}
 l - a potion of magic
Comestibles
 c - 3 rations


   Skills:
 + Level 0.3 Fighting
 + Level 1.0 Short Blades
 + Level 2.8 Dodging
 + Level 2.5 Stealth
 + Level 4.0 Spellcasting
 + Level 1.9 Conjurations
 + Level 4.2 Fire Magic


You had 4 spell levels left.
You knew the following spells:

 Your Spells              Type           Power        Failure   Level  Hunger
a - Foxfire               Conj/Fire      ###.         3%          1    None
b - Conjure Flame         Conj/Fire      ###.....     11%         3    ###....
c - Inner Flame           Hex/Fire       ##......     16%         3    ###....

Your spell library contained the following spells:

 Spells                   Type           Power        Failure   Level  Hunger
 Sticky Flame             Conj/Fire      ###.....     34%         4    ####...
 Fireball                 Conj/Fire      ###.......   69%         5    ######.


Dungeon Overview and Level Annotations

Branches:
Dungeon (3/15)

Altars:
Wu Jian


Message History

You barely miss the orc.
The orc is heavily wounded.
The orc hits you with a +0 mace.
* * * LOW HITPOINT WARNING * * *
The orc closely misses you.
Unknown command.
You feel ready to backstab. The orc closely misses you.
The orc barely misses you.
The helpless orc fails to defend itself.
You hit the orc but do no damage.
The orc is heavily wounded.
The orc misses you.
You hit the orc but do no damage. You drain the orc.
The orc is moderately wounded.
The orc barely misses you.
The helpless orc fails to defend itself.
You hit the orc but do no damage. You drain the orc.
The orc is almost dead.
The orc hits you.
You die...

#. #.# #.# #.####
. #.# #.....
....###########
#.# ######
.............o#
#.#
....#########o#
#.######## .
#@#######..>......
#o.....##.########
#..###.##.#
#.........#
##.###.##.#
#.....##.#
########.# #.# ..#


You could see 3 orcs.

Vanquished Creatures
  Robin (D:2)
  An adder (D:2)
  A worm (D:3)
  A dart slug (D:2)
  4 leopard geckos
  3 orcs (D:3)
  A ball python (D:1)
  5 bats
  3 giant cockroaches
  9 goblins
  6 hobgoblins
  8 jackals
  3 kobolds
  4 rats (D:1)
50 creatures vanquished.

Vanquished Creatures (others)
  101 foxfires
101 creatures vanquished.

Grand Total: 151 creatures vanquished

Notes
Turn   | Place    | Note
-------+----------+-------------------------------------------
     0 | D:1      | graki42 the Deep Elf Fire Elementalist began the quest for
                  | the Orb.
     0 | D:1      | Reached XP level 1. HP: 10/10 MP: 6/6
   234 | D:1      | Reached XP level 2. HP: 15/15 MP: 5/8
   739 | D:1      | Reached XP level 3. HP: 19/19 MP: 7/9
   744 | D:1      | Learned a level 3 spell: Conjure Flame
   748 | D:1      | Learned a level 3 spell: Inner Flame
  1109 | D:2      | Noticed Robin
  1138 | D:2      | Killed Robin
  1797 | D:2      | Reached XP level 4. HP: 24/24 MP: 9/11
  1936 | D:3      | Found an ornate altar of the Wu Jian Council.
  2050 | D:3      | Reached skill level 1 in Short Blades
  2377 | D:3      | Slain by an orc

Illustrated notes

Levels and vault maps discovered:
D:1:      dpeg_arrival_oval, layout_loops_ring
D:2:      layout_loops_cross, uniq_robin
D:3:      layout_loops_ring, nicolae_overflow_crystal_walls

Skill      XL: |  1  2  3  4 |
---------------+-------------+-----
Fire Magic     | 4 |  4.2
Short Blades   | 1 |  1.0
Spellcasting   | 4 |  4.0
Fighting       | |  0.3
Dodging        | |  2.8
Stealth        | |  2.5
Conjurations   | |  1.9

Action                   |  1- 3 |  4- 6 || total
-------------------------+-------+-------++-------
Melee: Short sword       |    22 |    37 ||    59
Throw: Throwing net      |     1 |       ||     1
 Cast: Foxfire           |    59 |    18 ||    77
       Conjure Flame     |       |     1 ||     1
  Use: Potion            |       |     4 ||     4
       Scroll            |       |     1 ||     1
 Stab: Sleeping          |     2 |     2 ||     4
  Eat: Chunk             |     3 |     1 ||     4
Armor: Robe              |     4 |     5 ||     9
Dodge: Dodged            |    27 |    31 ||    58
